 Dungeon Crawl Stone Soup version 0.29.1-1-gd02db6906a (webtiles) character file.

Game seed: 18029733389304520383

739 plokij the Slasher (level 7, 0/61 HPs)
             Began as a Minotaur Fighter on Oct 20, 2022.
             Was a Follower of Okawaru.
             Slain by a gnoll
             ... wielding a +0 flail
              (1 damage)
             ... on level 5 of the Dungeon.
             The game lasted 00:11:36 (4472 turns).

plokij the Slasher (Minotaur Fighter)               Turns: 4472, Time: 00:11:37

Health: 0/61       AC:  8    Str: 21    XL:     7   Next: 46%
Magic:  6/6        EV: 10    Int:  5    God:    Okawaru [*.....]
Gold:   367        SH:  5    Dex: 11    Spells: 6/6 levels left

rFire   . . .      SeeInvis .   a - +0 long sword
rCold   . . .      Faith    .   c - +0 buckler
rNeg    . . .      Spirit   .   b - +0 scale mail
rPois   .          Reflect  .   (helmet restricted)
rElec   .          Harm     .   (no cloak)
rCorr   .          Rampage  .   v - +0 pair of gloves
Will    .....                   (no boots)
Stlth   ..........              (no amulet)
HPRegen 0.20/turn               p - +4 ring of slaying
MPRegen 0.10/turn               (no ring)

@: attractive, flying, hasted, very quick
A: horns 2, retaliatory headbutt
a: Renounce Religion, Heroism


You were on level 5 of the Dungeon.
You worshipped Okawaru.
Okawaru was aware of your devotion.
You visited 2 branches of the dungeon, and saw 6 of its levels.

You collected 367 gold pieces.

Inventory:

Hand Weapons
 a - a +0 long sword (weapon)
Armour
 b - a +0 scale mail (worn)
 c - a +0 buckler (worn)
 t - the +1 robe of Saresh {rC+ SInv}
   (You found it on level 4 of the Dungeon)

   rC:        It protects you from cold.
   SInv:      It lets you see invisible.
 v - a +0 pair of gloves (worn)
Jewellery
 p - a +4 ring of slaying (left hand)
Wands
 s - a wand of iceblast (8)
Scrolls
 f - 4 scrolls of teleportation {unknown}
 g - a scroll of magic mapping {unknown}
 i - 5 scrolls of identify {unknown}
 j - a scroll of fear {unknown}
 k - 2 scrolls of enchant weapon {unknown}
 n - a scroll of fog {unknown}
 r - a scroll of noise {unknown}
 u - a scroll of vulnerability {unknown}
Potions
 d - a potion of might
 e - a potion of attraction
 h - a potion of resistance {unknown}
 l - a potion of flight
 m - a potion of degeneration {unknown}
 o - a potion of heal wounds {unknown}
 q - a potion of brilliance {unknown}


   Skills:
 + Level 5.3 Fighting
 + Level 5.6 Long Blades
 + Level 5.5 Armour
 * Level 4.1 Dodging
 + Level 5.3 Shields


You had 6 spell levels left.
You didn't know any spells.
Your spell library contained the following spells:

 Spells                   Type           Power      Damage    Failure   Level
 Apportation              Tloc           0%         N/A       87%         1
 Alistair's Intoxication  Tmut/Pois      0%         N/A       100%        5


Dungeon Overview and Level Annotations

Branches:
Dungeon (5/15)             Temple (1/1) D:4

Altars:
Ashenzari
Cheibriados
Elyvilon
Fedhas
Gozag
Hepliaklqana
Kikubaaqudgha
Nemelex Xobeh
Okawaru
Ru
Sif Muna
Trog
Uskayaw
Wu Jian
Xom
Yredelemnul
Zin

Shops:
D:1 !   D:2 *   D:3 ?


Innate Abilities, Weirdness & Mutations

You have a pair of horns on your head.
You reflexively headbutt those who attack you in melee.


Message History

You barely miss the gnoll.
The gnoll is heavily wounded.
The gnoll barely misses you. You furiously retaliate!
You headbutt the gnoll.
The gnoll hits you from afar with a +1 vorpal halberd!
The gnoll hits you but does no damage. The gnoll closely misses you.
You barely miss the gnoll.
The gnoll is severely wounded.
The gnoll completely misses you. You block the gnoll's attack.
You hit the gnoll but do no damage. You headbutt the gnoll.
You kill the gnoll!
Okawaru accepts your kill. You block the gnoll's attack.
You closely miss the gnoll.
The gnoll hits you from afar with a +1 vorpal halberd!
The gnoll closely misses you.
You slash the gnoll!
The gnoll is severely wounded.
The gnoll hits you from afar with a +1 vorpal halberd!
* * * LOW HITPOINT WARNING * * *
The gnoll hits you but does no damage.
You barely miss the gnoll.
The gnoll is severely wounded.
The gnoll hits you from afar with a +1 vorpal halberd!
* * * LOW HITPOINT WARNING * * *
x2 The gnoll barely misses you.
The gnoll hits you from afar with a +1 vorpal halberd.
* * * LOW HITPOINT WARNING * * *
x2 The gnoll barely misses you.
It was a potion of attraction.
You feel attractive to monsters. The gnoll barely misses you.
The gnoll hits you from afar with a +1 vorpal halberd.
* * * LOW HITPOINT WARNING * * *
x2 It was a potion of flight.
You feel very buoyant.
You fly up into the air.
The gnoll hits you but does no damage. You block the gnoll's attack.
It was a potion of haste.
You feel yourself speed up. The gnoll hits you with a +0 flail.
You die...

#.......#
#.......#
#+####.......#
.............#
...........#
.....[...#
#.?.....# #..#
#.# #@## #.#
#.# ###g# #.#
#.# ###.Sg#
#.# #.#
#...#....# #.#
#.# #........#
#.# #.#
#........#
#.#.####.##
..........+
#.#........
##........$#
#.######.##
...###...)#
#........#.


You could see 2 gnolls and an adder.

Vanquished Creatures
  Menkaure (D:4)
  An ice beast (D:4)
  A black bear (D:3)
  A necrophage (D:5)
  A hound (D:4)
  2 orc priests (D:4)
  2 iguanas (D:4)
  An orc wizard (D:4)
  3 gnolls
  9 adders
  A worm (D:4)
  3 dart slugs
  3 orcs
  8 endoplasms
  4 giant cockroaches
  10 goblins
  5 hobgoblins
  7 jackals
  6 quokkas
  8 ball pythons
  11 bats
  6 kobolds
  7 rats
101 creatures vanquished.

Vanquished Creatures (others)
  A plant (D:2)
1 creature vanquished.

Grand Total: 102 creatures vanquished

Notes
Turn   | Place    | Note
-------+----------+-------------------------------------------
     0 | D:1      | plokij the Minotaur Fighter began the quest for the Orb.
     0 | D:1      | Reached XP level 1. HP: 19/19 MP: 0/0
   144 | D:1      | Reached XP level 2. HP: 25/27 MP: 1/1
   360 | D:1      | Reached skill level 1 in Dodging
   360 | D:1      | Reached XP level 3. HP: 21/33 MP: 2/2
   486 | D:1      | Found Pocluuj's Distillery.
   667 | D:1      | Found a faded altar of an unknown god.
  1067 | D:2      | Reached XP level 4. HP: 27/40 MP: 3/3
  1213 | D:2      | Found Sinluj's Assorted Antiques.
  1956 | D:3      | Reached XP level 5. HP: 43/46 MP: 4/4
  2031 | D:3      | Found a broken altar of Ashenzari.
  2081 | D:3      | Found a glowing silver altar of Zin.
  2207 | D:3      | Found a hide-covered altar of Uskayaw.
  2207 | D:3      | Found a hazy altar of Hepliaklqana.
  2485 | D:3      | Found Joxtaz's Magic Scroll Shoppe.
  2736 | D:4      | Noticed Menkaure
  2736 | D:4      | Noticed an ice beast
  2773 | D:4      | Noticed a black bear
  2784 | D:3      | Killed a black bear
  2785 | D:3      | Reached XP level 6. HP: 37/53 MP: 5/5
  2891 | D:4      | Identified the +1 robe of Saresh {rC+ SInv}
  2967 | D:4      | Reached skill level 5 in Long Blades
  2995 | D:4      | Found a staircase to the Ecumenical Temple.
  3001 | Temple   | Entered the Ecumenical Temple
  3157 | Temple   | Became a worshipper of Warmaster Okawaru
  3604 | D:4      | Reached skill level 5 in Armour
  3667 | D:4      | Killed an ice beast
  3668 | D:4      | Reached skill level 5 in Fighting
  3668 | D:4      | Reached skill level 5 in Shields
  3668 | D:4      | Reached XP level 7. HP: 48/61 MP: 6/6
  3767 | D:4      | Killed Menkaure
  3767 | D:4      | Reached * piety under Okawaru
  4348 | D:5      | Entered Level 5 of the Dungeon
  4469 | D:5      | HP: 3/61 [gnoll/+1 vorpal halberd (1)]
  4470 | D:5      | HP: 1/61 [gnoll/+1 vorpal halberd (1)]
  4472 | D:5      | Slain by a gnoll

Illustrated notes

Levels and vault maps discovered:
D:1:      shiori_arrival_maze, layout_loops_ring,
          shapermc_ecumenical_altar_mp_vishouse, serial_shops,
          nicolae_lakefront_shop
D:2:      layout_rooms, serial_shops, shop, serial_bayou_ford_a,
          corexii_item_surrounded_by_moat, minmay_pentomino_r4
D:3:      layout_loops_cross, zin_academy, nicolae_ashenzari_skybound,
          jmf_multi_god_temple, serial_shops, nicolae_shop_crystal,
          dk_noncrumbling_3
D:4:      layout_basic, minmay_temple_entry_drinking_statues, uniq_menkaure
D:5:      layout_basic, serial_shops, shop, shop, nicolae_inconvenience_store,
          nicolae_square_shop
Temple:   hellmonk_temple_forest_ring

Skill      XL: |  1  2  3  4  5  6  7 |
---------------+----------------------+-----
Long Blades    | 3 4 5 |  5.6
Dodging        | 1 2 3 4 |  4.1
Armour         | 4 5 |  5.5
Shields        | 4 5 |  5.3
Fighting       | 4 5 |  5.3

Action                   |  1- 3 |  4- 6 |  7- 9 || total
-------------------------+-------+-------+-------++-------
Melee: Long sword        |    79 |   149 |    28 ||   256
       Headbutt          |    10 |    24 |     7 ||    41
  Use: Potion            |       |       |     3 ||     3
Armor: Scale mail        |    38 |    85 |     7 ||   130
Dodge: Dodged            |    38 |    64 |    11 ||   113
Block: Buckler           |    16 |    26 |     8 ||    50
